 Dungeon Crawl Stone Soup version 0.27-a0-597-g524d869a0f (webtiles) character file.

Game seed: 6864030781337856572

851 siradein the Sneak (level 7, -3/50 HPs)
             Began as a Demonspawn Brigand on Mar 12, 2021.
             Splashed by a jelly's acid (6 damage)
             ... on level 5 of the Dungeon.
             The game lasted 00:09:49 (5077 turns).

siradein the Sneak (Demonspawn Brigand)             Turns: 5077, Time: 00:09:51

Health: -3/50      AC: -1    Str: 12    XL:     7   Next: 69%
Magic:  7/7        EV:  6    Int: 13    God:
Gold:   224        SH:  5    Dex: 15    Spells: 6/6 levels left

rFire    . . .     SeeInvis .   a - +2 dagger
rCold    . . .     Faith    .   (no shield)
rNeg     . . .     Spirit   .   l - +0 plate armour
rPois    .         Reflect  +   (no helmet)
rElec    .         Harm     .   c - +0 cloak
rCorr    .         Rampage  .   (no gloves)
Will     .....                  (no boots)
Stlth    ..........             y - amulet of reflection
HPRegen  0.16/turn              (no ring)
MPRegen  0.10/turn              (no ring)

@: corroded
A: hooves 1, foul stench 1, powered by death 1, sturdy frame 2
a: no special abilities


You were on level 5 of the Dungeon.
You visited 1 branch of the dungeon, and saw 5 of its levels.

You collected 224 gold pieces.

Inventory:

Hand Weapons
 a - a +2 dagger (weapon)
Missiles
 d - 10 poisoned darts
 e - 2 curare-tipped darts
 g - 7 atropa-tipped darts
 v - 3 boomerangs (quivered)
Armour
 c - a +0 cloak (worn)
 l - a +0 plate armour (worn)
Jewellery
 n - a ring of fire
 w - an amulet of guardian spirit
 y - an amulet of reflection (around neck)
Wands
 s - a wand of charming (5)
Scrolls
 b - 3 scrolls of enchant weapon {unknown}
 i - a scroll of enchant armour {unknown}
 j - 2 scrolls of amnesia {unknown}
 k - 2 scrolls of blinking {unknown}
 m - a scroll of identify
 o - a scroll of noise {unknown}
 p - a scroll of teleportation {unknown}
Potions
 f - a potion of magic
 h - 4 potions of curing
 q - a potion of ambrosia
 r - a potion of cancellation
 t - 2 potions of haste
 u - 2 potions of lignification {unknown}
 x - a potion of heal wounds {unknown}
 z - a potion of mutation {unknown}


   Skills:
 - Level 2.0 Fighting
 + Level 4.8 Short Blades
 + Level 4.9 Throwing
 - Level 0.8 Dodging
 + Level 6.2 Stealth


You had 6 spell levels left.
You didn't know any spells.
Your spell library contained the following spells:

 Spells                   Type           Power      Damage    Failure   Level
 Animate Skeleton         Necr           0%         N/A       100%        1
 Apportation              Tloc           0%         N/A       100%        1
 Corona                   Hex            0%         N/A       100%        1
 Magic Dart               Conj           0%         1d3       100%        1
 Pain                     Necr           0%         1d4       100%        1
 Summon Small Mammal      Summ           0%         N/A       100%        1
 Blink                    Tloc           N/A        N/A       100%        2
 Call Imp                 Summ           0%         N/A       100%        2
 Slow                     Hex            0%         N/A       100%        2
 Conjure Flame            Conj/Fire      0%         6-21      100%        3
 Mephitic Cloud           Conj/Pois/Air  0%         N/A       100%        3


Dungeon Overview and Level Annotations

Branches:
Dungeon (5/15)
 Temple: D:4-7

Altars:


Innate Abilities, Weirdness & Mutations

You have large cloven feet.
You may rarely emit foul miasma when damaged in melee.
You regenerate a little health from kills.
Your movements are less encumbered by armour. (ER -4)


Message History

You see here a +0 ring mail.
You hit the jelly.
Your hands burn!
You kick the jelly.
The jelly is lightly wounded.
The jelly hits you but does no damage.
You hit the jelly.
Your hands burn!
The jelly is heavily wounded.
The jelly barely misses you.
Your plate armour prevents you from hitting the jelly.
The jelly is heavily wounded.
The jelly hits you.
You are splashed with acid!
You hit the jelly. The acid corrodes you!
Your hands burn!
The jelly is severely wounded.
You hit the jelly but do no damage. The acid corrodes you!
Your hands burn!
The jelly is severely wounded.
The jelly hits you but does no damage.
You hit the jelly but do no damage.
Your hands burn!
You kick the jelly, but do no damage.
The jelly is severely wounded.
The jelly hits you.
You are splashed with acid.
* * * LOW HITPOINT WARNING * * *
You hit the jelly but do no damage.
Your hands burn!
* * * LOW HITPOINT WARNING * * *
You kick the jelly.
The jelly is almost dead.
The jelly closely misses you.
You hit the jelly but do no damage.
Your hands burn!
* * * LOW HITPOINT WARNING * * *
You kick the jelly.
The jelly is almost dead.
You hit the jelly but do no damage.
Your hands burn!
* * * LOW HITPOINT WARNING * * *
The jelly is almost dead.
The jelly hits you but does no damage.
You hit the jelly but do no damage. The acid corrodes you!
Your hands burn!
* * * LOW HITPOINT WARNING * * *
The jelly is almost dead.
The jelly hits you.
* * * LOW HITPOINT WARNING * * *
You are splashed with acid.
You die...

#.##(##### ..#
##.##...#.###...#
#...#...........+
#...#.....<(....#
#...#......(....#
#...#...........#
#.###..##.......#
#..###.###'###..##...#
#.......'.@.######...#
#.......#.J..#...# ..#
#.......#....'...# ..#
#..##..##...##..## #..
##+##...##..## #..
#...#..... # #.
#...#...## .#
#...##..# ..##.
#...##..##......


You could see a jelly.

Vanquished Creatures
  Sigmund (D:2)
  Edmund (D:4)
  An ogre (D:4)
  A kobold brigand (D:5)
  A howler monkey (D:3)
  A hound (D:4)
  2 orc priests
  Jessica (D:2)
  An iguana (D:4)
  3 orc wizards (D:3)
  3 adders
  A shadow imp (D:3)
  A white imp (D:4)
  3 oozes
  3 worms
  2 dart slugs (D:1)
  2 leopard geckos (D:1)
  17 orcs
  9 bats
  4 giant cockroaches
  10 goblins
  9 hobgoblins
  5 jackals
  3 quokkas
  4 ball pythons
  7 frilled lizards
  15 kobolds
  4 rats
115 creatures vanquished.

Vanquished Creatures (others)
  3 plants (D:4)
3 creatures vanquished.

Grand Total: 118 creatures vanquished

Notes
Turn   | Place    | Note
-------+----------+-------------------------------------------
     0 | D:1      | siradein the Demonspawn Brigand began the quest for the
                  | Orb.
     0 | D:1      | Reached XP level 1. HP: 16/16 MP: 1/1
   304 | D:1      | Gained mutation: You may rarely emit foul miasma when
                  | damaged in melee. [demonic ancestry]
   304 | D:1      | Reached XP level 2. HP: 17/22 MP: 2/2
   521 | D:1      | Reached skill level 4 in Stealth
   751 | D:1      | Gained mutation: Your movements are slightly less
                  | encumbered by armour. (ER -2) [demonic ancestry]
   751 | D:1      | Reached XP level 3. HP: 23/27 MP: 3/3
  1495 | D:2      | Noticed Sigmund
  1508 | D:2      | Killed Sigmund
  1509 | D:2      | Reached XP level 4. HP: 14/33 MP: 4/4
  1509 | D:2      | Gained mutation: You have large cloven feet. [demonic
                  | ancestry]
  1509 | D:2      | Reached XP level 5. HP: 17/38 MP: 5/5
  2156 | D:2      | Noticed Jessica
  2171 | D:2      | Killed Jessica
  2172 | D:2      | Reached skill level 5 in Stealth
  2264 | D:2      | Identified Jessica's Collected Works on Sinister Magic
  2750 | D:2      | Gained mutation: You regenerate a little health from kills.
                  | [demonic ancestry]
  2750 | D:2      | Reached XP level 6. HP: 37/44 MP: 6/6
  2792 | D:3      | Found a faded altar of an unknown god.
  4092 | D:3      | Gained mutation: Your movements are less encumbered by
                  | armour. (ER -4) [demonic ancestry]
  4092 | D:3      | Reached XP level 7. HP: 20/50 MP: 3/7
  4287 | D:4      | Noticed Edmund
  4306 | D:4      | Killed Edmund
  4794 | D:4      | Reached skill level 6 in Stealth
  4942 | D:5      | Entered Level 5 of the Dungeon
  5077 | D:5      | Splashed by a jelly's acid

Illustrated notes

Levels and vault maps discovered:
D:1:      dpeg_arrival_simpleton_c, layout_basic, hex_intersection
D:2:      layout_loops_corners, kennysheep_jessica_study, uniq_sigmund
D:3:      layout_rooms, chequers_ecumenical_altar_simple
D:4:      corexii_shack_village, layout_basic, uniq_edmund
D:5:      layout_gridville, amcnicky_mini_corridor_feature,
          nicolae_dithmenos_shadow_blocks

Skill      XL: |  1  2  3  4  5  6  7 |
---------------+----------------------+-----
Short Blades   | 2 3 4 |  4.8
Throwing       | 2 3 4 |  4.9
Stealth        | 4 5 6 |  6.2
Fighting       | |  2.0
Dodging        | |  0.8

Action                   |  1- 3 |  4- 6 |  7- 9 || total
-------------------------+-------+-------+-------++-------
Melee: Dagger            |    77 |   269 |   142 ||   488
       Kick              |       |    76 |    48 ||   124
Throw: Dart              |     5 |       |       ||     5
       Boomerang         |       |     3 |       ||     3
  Use: Scroll            |       |     7 |       ||     7
 Stab: Sleeping          |     9 |     1 |       ||    10
       Distracted        |     1 |       |       ||     1
Armor: Robe              |    14 |       |       ||    14
       Plate armour      |    17 |    69 |    94 ||   180
       Scale mail        |       |    56 |       ||    56
Dodge: Dodged            |    29 |    83 |    41 ||   153
Block: Other             |       |       |    16 ||    16
       Reflection        |       |       |     1 ||     1

Table legend: (Time is in decaauts)
 A = Elapsed time spent in this place.
 B = Non-inter-level travel time spent in this place.
 C = Inter-level travel time spent in this place.
 D = Time resting spent in this place.
 E = Time spent auto-exploring this place.
 F = Levels seen in this place.
 G = Mean time per level.
                   A        B        C        D        E       F      G
               +--------+--------+--------+--------+--------+-----+--------+
         Total |   4989 |   4919 |     70 |    424 |   3360 |   5 |  997.8 |
       Dungeon |   4989 |   4919 |     70 |    424 |   3360 |   5 |  997.8 |
               +--------+--------+--------+--------+--------+-----+--------+

Top non-repeatable levels by time:
     D:2: 1427 daAuts
     D:1: 1288 daAuts
     D:3: 1153 daAuts
     D:4: 1001 daAuts
     D:5: 118 daAuts
